Map: Frostline LE

Players

skykinglewis - Winner!

  • Race: Protoss Protoss
  • Spawn Location: 7:00

VOD

Have the link to the VOD?

Description

Time

  • Played on: Jan. 25, 2025, 12:54 p.m.
  • Length: 17:44
Show
View Real Time Build Order
Export as new Build Order

skykinglewis Protoss - Winner!

Build Orders:  

Get SALT Encoding   

  12  0:04  Probe (Chrono Boost)  
  14  0:21  Probe (Chrono Boost)  
  14  0:37  Pylon  
  14  0:38  Probe (Chrono Boost)  
  15  1:00  Probe (Chrono Boost)  
  16  1:11  Probe (Chrono Boost)  
  17  1:29  Nexus  
  17  1:51  Gateway  
  17  1:59  Assimilator  
  17  2:04  Probe (Chrono Boost)  
  18  2:16  Forge  
  19  2:21  Probe (Chrono Boost)  
  19  2:30  Pylon  
  19  2:38  Probe (Chrono Boost)  
  20  2:55  Probe (Chrono Boost)  
  21  3:01  Cybernetics Core  
  21  3:09  Probe (Chrono Boost)  
  22  3:21  Probe (Chrono Boost)  
  22  3:24  Assimilator  
  22  3:29  Pylon  
  23  3:34  Probe (Chrono Boost)  
  23  3:39  Photon Cannon  
  25  3:51  Probe (Chrono Boost)  
  25  3:57  Probe (Chrono Boost)  
  26  4:07  Stargate  
  26  4:09  Probe (Chrono Boost)  
  26  4:13  Probe (Chrono Boost)  
  28  4:20  Probe (Chrono Boost)  
  28  4:21  Assimilator  
  29  4:32  Photon Cannon  
  29  4:34  Probe (Chrono Boost)  
  30  4:48  Photon Cannon  
  31  4:51  Probe (Chrono Boost)  
  31  5:03  Shield Battery  
  31  5:08  Probe (Chrono Boost)  
  32  5:15  Void Ray  
  36  5:25  Probe (Chrono Boost)  
  37  5:41  Fleet Beacon  
  37  5:43  Probe (Chrono Boost)  
  37  5:49  Shield Battery  
  38  5:55  Probe (Chrono Boost)  
  39  6:06  Probe (Chrono Boost)  
  40  6:11  Photon Cannon  
  40  6:20  Stargate  
  40  6:34  Probe (Chrono Boost)  
  41  6:46  Probe (Chrono Boost)  
  41  6:49  Assimilator  
  42  6:51  Tempest  
  42  6:59  Probe (Chrono Boost)  
  46  7:04  Pylon  
  47  7:16  Probe (Chrono Boost)  
  47  7:17  Protoss Air Weapons Level 1  
  52  7:33  Probe (Chrono Boost)  
  50  7:50  Probe (Chrono Boost)  
  50  7:52  Nexus  
  50  7:53  Tempest  
  50  7:57  Tempest  
  58  8:07  Probe (Chrono Boost)  
  59  8:27  Probe (Chrono Boost)  
  60  8:46  Nexus  
  60  9:05  Pylon  
  60  9:08  Pylon  
  60  9:13  Pylon  
  60  9:16  Tempest x2  
  60  9:25  Unknown  
  60  9:37  Probe (Chrono Boost)  
  69  9:47  Probe (Chrono Boost)  
  69  9:48  Probe (Chrono Boost)  
  70  9:52  Carrier  
  70  9:53  Assimilator  
  71  10:02  Probe (Chrono Boost)  
  71  10:06  Carrier  
  71  10:07  Assimilator  
  72  10:11  Assimilator  
  72  10:13  Pylon  
  72  10:15  Pylon  
  72  10:17  Pylon  
  72  10:19  Probe (Chrono Boost)  
  73  10:24  Protoss Shields Level 1, Protoss Air Armor Level 1  
  79  10:35  Probe (Chrono Boost)  
  86  10:46  Probe (Chrono Boost)  
  87  10:52  Probe (Chrono Boost)  
  87  10:57  Probe (Chrono Boost)  
  88  11:04  Assimilator  
  88  11:09  Probe (Chrono Boost)  
  90  11:11  Probe (Chrono Boost)  
  91  11:26  Probe (Chrono Boost)  
  91  11:28  Probe (Chrono Boost)  
  93  11:43  Probe (Chrono Boost)  
  93  11:45  Probe (Chrono Boost)  
  95  12:03  Carrier x2  
  107  13:32  Carrier  
  107  13:33  Carrier  
  119  15:01  Carrier x2  
  131  16:06  Probe (Chrono Boost)  
  132  16:16  Pylon  
  132  16:18  Pylon  
  140  16:22  Pylon  
  140  16:25  Pylon  
  140  16:27  Pylon  
  140  16:29  Pylon  
  140  16:31  Pylon  
  140  16:35  Pylon  
  140  16:36  Robotics Facility  
  140  16:41  Twilight Council  
  140  16:43  Probe (Chrono Boost)  
  142  17:00  Probe (Chrono Boost)  
  154  17:17  Probe (Chrono Boost)  
Tags
 
Add a new tag
Caveats
  • Supply blocks, unpowered buildings, or Contaminate may cause inaccurate times.
  • Supply counts are checked every 10 seconds.